 Dungeon Crawl Stone Soup version 0.19-a0-1401-g902f63d (webtiles) character file.

256 Amnesiac the Grave Robber (level 5, -2/28 HPs)
             Began as a Deep Elf Necromancer on Sept 4, 2016.
             Slain by a centaur (10 damage)
             ... on level 3 of the Dungeon.
             The game lasted 00:05:26 (588 turns).

Amnesiac the Grave Robber (Deep Elf Necromancer)     Turns: 588, Time: 00:05:27

Health: -2/28      AC:  2    Str:  5    XL:     5   Next: 92%
Magic:  0/14       EV: 13    Int: 20    God:
Gold:   50         SH:  0    Dex: 16    Spells: 2 memorised, 10 levels left

rFire  . . .     SeeInvis .     (no weapon)
rCold  . . .     Gourm    .     a - +0 robe
rNeg   . . .     Faith    .     (no shield)
rPois  .         Spirit   .     (no helmet)
rElec  .         Dismiss  .     (no cloak)
rCorr  .         Reflect  .     (no gloves)
MR     .....     Harm     .     (no boots)
Stlth  ++........               (no amulet)
                                (no ring)
                                (no ring)

@: about to teleport, very slightly contaminated
A: no striking features
a: no special abilities


You were on level 3 of the Dungeon.
You were not hungry.

You visited 1 branch of the dungeon, and saw 4 of its levels.

You collected 50 gold pieces.

Inventory:

Armour
 a - a +0 robe (worn)
Scrolls
 d - 2 scrolls of teleportation
Books
 b - a book of Necromancy

   Spells                             Type                      Level
   a - Pain                           Necromancy                   1
   b - Animate Skeleton               Necromancy                   1
   c - Vampiric Draining              Necromancy                   3
   d - Regeneration                   Charms/Necromancy            3
   e - Animate Dead                   Necromancy                   4
   f - Control Undead                 Necromancy                   4
 g - a book of the Sky

   Spells                             Type                      Level
   a - Summon Lightning Spire         Summoning/Air                4
   b - Airstrike                      Air                          4
   c - Silence                        Hexes/Air                    5
   d - Deflect Missiles               Charms/Air                   6
   e - Conjure Ball Lightning         Conjuration/Air              6
   f - Tornado                        Air                          9
Comestibles
 c - 2 bread rations
 f - a slice of pizza


   Skills:
 - Level 2.4 Dodging
 - Level 2.4 Stealth
 + Level 5.3 Spellcasting
 * Level 7.6 Necromancy


You had 10 spell levels left.
You knew the following spells:

 Your Spells              Type           Power        Failure   Level  Hunger
f - Vampiric Draining     Necr           #####.....   1%          3    ##.....
z - Pain                  Necr           ####         1%          1    None


Dungeon Overview and Level Annotations

Branches:
Dungeon (4/15)
 Temple: D:4-7

Altars:

Annotations:
D:3 Terence


Message History

Aim: a centaur The centaur is heavily wounded.
You feel life coursing into your body. The centaur hits you.
The centaur hits you but does no damage.
Unknown command.
You aren't carrying any potions.
Unknown command.
Casting: Vampiric Draining
Confirm with . or Enter, or press ? or * to list all spells.
Aiming: Pain
Press: ? - help, Shift-Dir - straight line, f/p - centaur
Aim: a centaur (heavily wounded, chance to defeat MR: 84%)
The centaur writhes in agony!
The centaur barely misses you.
You aren't carrying any potions.
As you read the scroll labeled MISUER CERHADE, it crumbles to dust.
You feel strangely unstable.
It was a scroll of teleportation.
The centaur hits you.
* * * LOW HITPOINT WARNING * * *
The centaur hits you!
You die...

#.# .#.# #.# ..
#.# #.### #.#
.... #.# ..#####
#.####.>.....
#....@.......
#.######c######
#......@........
....#####.#######
. #.# #.# #.# #.#
#.# .#


You could see a centaur and Terence.

Vanquished Creatures
  2 ogres (D:4)
  A jelly (D:4)
  An orc priest (D:4)
  2 adders
  A dart slug (D:2)
  3 giant geckos (D:2)
  A giant cockroach (D:3)
  A goblin (D:2)
  A giant newt (D:3)
13 creatures vanquished.

Notes
Turn   | Place    | Note
-------+----------+-------------------------------------------
     0 | D:1      | Amnesiac the Deep Elf Necromancer began the quest for the Orb.
     0 | D:1      | Reached XP level 1. HP: 10/10 MP: 6/6
    14 | D:2      | Reached skill level 5 in Necromancy
   176 | D:2      | Reached XP level 2. HP: 15/15 MP: 6/8
   270 | D:4      | Noticed an ogre
   276 | D:4      | Killed an ogre
   276 | D:4      | Reached skill level 6 in Necromancy
   277 | D:4      | Reached XP level 3. HP: 10/19 MP: 2/10
   277 | D:4      | Reached XP level 4. HP: 13/24 MP: 2/12
   305 | D:4      | Learned a level 3 spell: Vampiric Draining
   461 | D:4      | Reached XP level 5. HP: 25/28 MP: 10/14
   505 | D:4      | Reached skill level 7 in Necromancy
   550 | D:4      | Noticed an ogre
   560 | D:4      | Killed an ogre
   560 | D:4      | Reached skill level 5 in Spellcasting
   563 | D:3      | Noticed Terence
   563 | D:3      | Noticed a centaur
   588 | D:3      | Slain by a centaur

Vault maps used:
D:1:      dpeg_arrival_caged_fury, minmay_heptomino_h4
D:3:      serial_undead, serial_undead_c, serial_undead_f, serial_undead_f,
          serial_undead_a, serial_undead_c, uniq_sigmund, uniq_terence
D:4:      first_bread

Skill      XL: |  1  2  3  4  5 |
---------------+----------------+-----
Necromancy     | 5 6 7 |  7.6
Spellcasting   | 4 5 |  5.3
Dodging        | |  2.4
Stealth        | |  2.4

Action                   |  1- 3 |  4- 6 || total
-------------------------+-------+-------++-------
 Cast: Pain              |    17 |    16 ||    33
       Vampiric Draining |       |     4 ||     4
  Use: Scroll            |       |     2 ||     2
Armor: Robe              |       |     1 ||     1
Dodge: Dodged            |     1 |     9 ||    10
